 Dungeon Crawl Stone Soup version 0.31-a0-931-g7b59d4eb97 (webtiles) character file.

Game seed: 18113375171210157180

268 Malachi the Cudgeller (level 6, -2/53 HPs)
             Began as an Armataur Fighter on Oct 19, 2023.
             Slain by a gnoll
             ... wielding a +0 halberd of venom
             ... led by a gnoll bouda
              (8 damage)
             ... on level 4 of the Dungeon.
             The game lasted 00:03:12 (2940 turns).

Malachi the Cudgeller (Armataur Fighter)            Turns: 2940, Time: 00:03:13

Health: -2/53      AC:  7    Str: 23    XL:     6   Next: 1%
Magic:  6/6        EV:  7    Int:  8    God:
Gold:   114        SH:  4    Dex: 10    Spells: 5/5 levels left

rFire   . . .        a - +0 flail
rCold   . . .        c - +0 buckler
rNeg    . . .        b - +0 scale mail
rPois   .            (no helmet)
rElec   .            (no cloak)
rCorr   .            (no gloves)
SInv    +            (no barding)
Will    .....        (no amulet) Stlth
                     e - ring of flight
HPRegen 0.28/turn    g - ring of see invisible
MPRegen 0.10/turn

%: roll
@: lethally poisoned (-2 -> -15), flying
A: large, rugged brown scales 3, deformed body, armoured tail, roll, long
tongue, awkward tongue
a: no special abilities


You were on level 4 of the Dungeon.
You visited 1 branch of the dungeon, and saw 4 of its levels.

You collected 114 gold pieces.

Inventory:

Hand Weapons
 a - a +0 flail (weapon)
Missiles
 f - 5 silver javelins
 j - 8 poisoned darts
Armour
 b - a +0 scale mail (worn)
 c - a +0 buckler (worn)
Jewellery
 e - a ring of flight (left hand)
 g - a ring of see invisible (right hand)
Wands
 i - a wand of mindburst (17)
Scrolls
 h - a scroll of identify
 o - a scroll of teleportation
 q - a scroll of summoning
Potions
 d - a potion of might
 m - a potion of lignification
 n - a potion of degeneration {unknown}
 p - a potion of enlightenment {unknown}


   Skills:
 - Level 2.8 Fighting
 + Level 5.6 Maces & Flails
 - Level 3.7 Armour
 - Level 3.4 Shields


You had 5 spell levels left.
You didn't know any spells.
Your spell library contained the following spells:

 Spells                   Type           Power      Damage    Failure   Level
 Wereblood                Tmut           0%         N/A       89%         2
 Irradiate                Conj/Tmut      0%         3d11      100%        5
 Chain Lightning          Conj/Air       0%         N/A       100%        9
 Fire Storm               Conj/Fire      0%         5d1       100%        9
 Shatter                  Erth           0%         3d5*      100%        9


Dungeon Overview and Level Annotations

Branches:
Dungeon (4/15)
 Temple: D:4-7

Altars:
Dithmenos

Shops:
D:3 [


Innate Abilities, Weirdness & Mutations

You are completely covered in rugged brown scales. (AC +3, +7% HP)
Armour fits poorly on your strangely shaped body.
You have a long armoured tail.
You roll when moving toward enemies. (Rampage)
Your long tongue fully drains potion bottles. (2x potion effects)
Your tongue gives you trouble enunciating. (1.5x scroll delay)


Message History

Unknown command.
You now have 114 gold pieces (gained 3).
A gnoll is nearby!
The gnoll shouts!
You hear a shout!
You roll towards the gnoll!
The gnoll shouts!
You thump the gnoll!
You kill the gnoll!
You have reached level 6!
The gnoll shouts!
The gnoll attacks as it pursues you!
The gnoll hits you from afar with a +0 halberd of venom!
You are poisoned.
You feel very sick.
The gnoll throws a throwing net.
The throwing net hits you.
You become entangled in the net!
You see here a throwing net.
You struggle against the net.
You feel very sick.
You struggle against the net.
You feel sick. The gnoll barely misses you.
The gnoll hits you from afar with a +0 spear.
You struggle against the net.
You feel sick.
The gnoll hits you from afar with a +0 halberd of venom.
The gnoll hits you from afar with a +0 spear.
You struggle against the net.
You feel sick.
The gnoll hits you from afar with a +0 halberd of venom!
You are lethally poisoned!
The gnoll barely misses you.
You rip the net and break free!
* * * LOW HITPOINT WARNING * * *
You feel very sick.
The gnoll hits you from afar with a +0 halberd of venom.
* * * LOW HITPOINT WARNING * * *
The gnoll completely misses you.
* * * LOW HITPOINT WARNING * * *
You feel very sick.
The gnoll bouda shouts!
The gnoll attacks as it pursues you!
The gnoll hits you from afar with a +0 halberd of venom!
You die...

.
.....#..............
..g.....##..........
. ...#..##.......#..
##g..........#..#..
#gg#..##....#..#..
#.g#..##....#..# #
#g.#........#..#
#.##..#......#.#..#
#...@.#..###.###..#
#.##..#...........#
.. #..##.###......#
## #.............##
#..##########.# #.##
#.# ### ###


You could see a gnoll bouda, 4 gnolls and a hobgoblin.

Vanquished Creatures
  A kobold brigand (D:3)
  2 hounds
  Ijyb (D:4)
  A gnoll (D:4)
  3 adders
  2 dart slugs (D:3)
  6 orcs
  6 ball pythons
  7 endoplasms
  4 giant cockroaches
  5 goblins (D:3)
  7 hobgoblins
  2 jackals (D:4)
  A quokka (D:1)
  5 bats
  2 frilled lizards
  4 kobolds
  7 rats
66 creatures vanquished.

Notes
Turn   | Place    | Note
-------+----------+-------------------------------------------
     0 | D:1      | Malachi the Armataur Fighter began the quest for the Orb.
     0 | D:1      | Reached XP level 1. HP: 19/19 MP: 1/1
   233 | D:1      | Reached skill level 2 in Maces & Flails
   237 | D:1      | Reached XP level 2. HP: 12/26 MP: 2/2
  1427 | D:2      | Reached XP level 3. HP: 32/32 MP: 3/3
  1518 | D:3      | Reached skill level 3 in Maces & Flails
  1733 | D:3      | Reached XP level 4. HP: 39/39 MP: 4/4
  1828 | D:3      | Reached skill level 4 in Maces & Flails
  1974 | D:3      | Found Yneran's Armour Boutique.
  1975 | D:3      | Found a shadowy altar of Dithmenos.
  2009 | D:3      | Noticed a kobold brigand
  2018 | D:3      | HP: 1/39 [kobold brigand/+0 short sword (5)]
  2022 | D:3      | Killed a kobold brigand
  2023 | D:3      | Reached XP level 5. HP: 4/47 MP: 5/5
  2396 | D:4      | Reached skill level 5 in Maces & Flails
  2513 | D:4      | Noticed Ijyb
  2525 | D:4      | Killed Ijyb
  2933 | D:4      | Reached XP level 6. HP: 53/53 MP: 6/6
  2940 | D:4      | Slain by a gnoll

Illustrated notes

Levels and vault maps discovered:
D:1:      lemuel_arrival_lava_pool, layout_basic, grunt_decor_cap,
          minmay_misc_feat_cross
D:2:      layout_basic
D:3:      layout_loops_ring, mainiacjoe_overflow_catwalk, serial_shops,
          nicolae_shop_trees, minmay_misc_feat_diagonals, chequers_big_river,
          hangedman_decor_clover_reticule, minmay_circle_x
D:4:      minmay_recursive_quarters, layout_basic, uniq_ijyb

Skill      XL: |  1  2  3  4  5 |
---------------+----------------+-----
Maces & Flails | 2 3 4 5 |  5.6
Fighting       | |  2.8
Armour         | |  3.7
Shields        | |  3.4

Action                     |  1- 3 |  4- 6 || total
---------------------------+-------+-------++-------
  Melee: Flail             |    99 |    77 ||   176
         Tailslap          |    11 |     6 ||    17
    Use: Scroll            |     1 |     3 ||     4
         Potion            |       |     5 ||     5
 Armour: Scale mail        |    57 |    88 ||   145
         Skin              |       |     2 ||     2
  Dodge: Dodged            |    25 |    28 ||    53
  Block: Buckler           |    18 |    21 ||    39

Table legend: (Time is in decaauts)
 A = Elapsed time spent in this place.
 B = Non-inter-level travel time spent in this place.
 C = Inter-level travel time spent in this place.
 D = Time resting spent in this place.
 E = Time spent auto-exploring this place.
 F = Levels seen in this place.
 G = Mean time per level.
                   A        B        C        D        E       F      G
               +--------+--------+--------+--------+--------+-----+--------+
         Total |   2988 |   2823 |    165 |    518 |   1838 |   4 |  747.0 |
       Dungeon |   2988 |   2823 |    165 |    518 |   1838 |   4 |  747.0 |
               +--------+--------+--------+--------+--------+-----+--------+

Top non-repeatable levels by time:
     D:3: 1181 daAuts
     D:1: 784 daAuts
     D:2: 730 daAuts
     D:4: 292 daAuts
